 Dungeon Crawl Stone Soup version 0.29.0-13-gc9e81de378 (webtiles) character file.

Game seed: 9567365902394047438

7 kingofstarryskies the Charlatan (level 2, -2/25 HPs)
             Began as a Hill Orc Artificer on Sept 6, 2022.
             Killed themself with a badly aimed iceblast (9 damage)
             ... on level 1 of the Dungeon on Sept 8, 2022.
             The game lasted 00:02:08 (512 turns).

kingofstarryskies the Charlatan (Hill Orc Artificer) Turns: 512, Time: 00:02:10

Health: -2/25      AC:  3    Str: 14    XL:     2   Next: 4%
Magic:  2/2        EV: 11    Int: 11    God:
Gold:   12         SH:  0    Dex: 11    Spells: 1/1 levels left

rFire   . . .      SeeInvis .   f - +1 dagger (holy)
rCold   . . .      Faith    .   (no shield)
rNeg    . . .      Spirit   .   b - +0 leather armour
rPois   .          Reflect  .   (no helmet)
rElec   .          Harm     .   (no cloak)
rCorr   .          Rampage  .   (no gloves)
Will    .....                   (no boots)
Stlth   +.........              (no amulet)
HPRegen 0.08/turn               (no ring)
MPRegen 0.08/turn               (no ring)

@: no status effects
A: no striking features
a: no special abilities


You were on level 1 of the Dungeon.
You visited 1 branch of the dungeon, and saw 1 of its levels.

You collected 12 gold pieces.

Inventory:

Hand Weapons
 a - a +0 club
 f - a +1 dagger of holy wrath (weapon)
Armour
 b - a +0 leather armour (worn)
Wands
 c - a wand of flame (13) (quivered)
 d - a wand of charming (15)
 e - a wand of iceblast (5)


   Skills:
 * Level 2.3 Fighting
 - Level 2.1 Armour
 + Level 0.9 Dodging
 - Level 0.7 Stealth
 - Level 3.0 Evocations


You had one spell level left.
You didn't know any spells.
Your spell library contained the following spells:

 Spells                   Type           Power      Damage    Failure   Level
 Animate Dead             Necr           0%         N/A       99%         4
 Borgnjor's Vile Clutch   Necr/Erth      0%         N/A       100%        5
 Death Channel            Necr           0%         N/A       100%        6


Dungeon Overview and Level Annotations

Branches:
Dungeon (1/15)

Altars:


Message History

A ball python comes into view.
The ball python hisses angrily.
The gnoll hits you with a +0 spear.
You hit the gnoll but do no damage. The gnoll barely misses you.
You hit the gnoll.
The gnoll is moderately wounded.
The gnoll barely misses you. The rat bites you but does no damage.
You hit the gnoll.
The gnoll is heavily wounded.
The gnoll hits you with a +0 spear. The rat bites you but does no damage.
You hit the gnoll.
The gnoll is heavily wounded.
The rat barely misses you. The gnoll closely misses you.
You closely miss the gnoll.
The gnoll is heavily wounded.
The ball python bites you. The ball python barely misses you.
The gnoll hits you with a +0 spear. The rat bites you.
The ball python bites you but does no damage.
The ball python barely misses you.
You barely miss the gnoll.
The gnoll is heavily wounded.
The rat barely misses you. The gnoll hits you with a +0 spear!
The ball python bites you.
* * * LOW HITPOINT WARNING * * *
The ball python grabs you. The ball python constricts you.
You are too injured to fight recklessly!
Unknown command.
Welcome back, kingofstarryskies the Hill Orc Artificer.
Press ? for a list of commands and other information.
Aiming: Iceblast
Press: ? - help, Shift-Dir - straight line That beam is likely to hit you.
Continue anyway?
The mass of ice explodes!
The iceblast engulfs the rat!
You kill the rat!
The iceblast engulfs the gnoll!!
You kill the gnoll!
The iceblast engulfs the ball python!!
You kill the ball python!
The iceblast engulfs you!
You die...

...........≈. ......####
###.≈≈≈≈≈.§§ .........#
#...§...≈...
.........####.≈≈≈.≈.≈≈≈.
.........##...≈...≈§.§§.
......>.##.≈≈≈.≈§≈§§.≈≈
#.....##.§...≈.§§§§≈.
####..†.....≈.#.§.§§≈§≈.
......)@..≈≈≈.#.≈§§.§§§.
###############§§§..#.≈≈≈.≈§§≈
#........# #§≈.#.#...≈...§.
#........# #§≈.# #.#.≈≈≈.##
#........# #.§.# #.#...§§§.
#.......## ###.≈.# #.###.§§≈≈
#........# #.#.≈.# #.. #....≈
#........####.#.≈## ########.§
#.....†....##.....# #.......


There were no monsters in sight!

Vanquished Creatures
  A gnoll (D:1)
  3 endoplasms (D:1)
  A kobold (D:1)
  A quokka (D:1)
  A ball python (D:1)
  2 rats (D:1)
9 creatures vanquished.

Notes
Turn   | Place    | Note
-------+----------+-------------------------------------------
     0 | D:1      | kingofstarryskies the Hill Orc Artificer began the quest
                  | for the Orb.
     0 | D:1      | Reached XP level 1. HP: 16/16 MP: 1/1
   409 | D:1      | Reached XP level 2. HP: 20/25 MP: 2/2
   512 | D:1      | Upgraded the game from 0.29.0-11-gd7f09526c8 to
                  | 0.29.0-13-gc9e81de378
   512 | D:1      | Killed themself with a badly aimed iceblast

Illustrated notes

Levels and vault maps discovered:
D:1:      psy_arrival_radial02, layout_basic,
          hellmonk_ecumenical_altar_arch_garden, palyth_stone_intersect

Skill      XL: |  1 |
---------------+----+-----
Fighting       | 2 |  2.3
Armour         | |  2.1
Dodging        | |  0.9
Stealth        | |  0.7
Evocations     | |  3.0

Action                   || total
-------------------------++-------
Melee: Club              ||    14
       Dagger            ||     8
Evoke: Wand              ||     2
Armor: Leather armour    ||     7
Dodge: Dodged            ||    15
